 Dungeon Crawl Stone Soup version 0.30-a0-364-gf6b3ef1049 (webtiles) character file.

Game seed: 10317936023710040038

461 Devinter the Shooter (level 7, 0/41 HPs)
             Began as a Kobold Hunter on Nov 16, 2022.
             Was a Follower of Makhleb.
             Slain by Duvessa
             ... wielding a +0 short sword
              (8 damage)
             ... on level 4 of the Dungeon.
             The game lasted 00:16:29 (2536 turns).

Devinter the Shooter (Kobold Hunter)                Turns: 2536, Time: 00:16:30

Health: 0/41       AC:  6    Str:  9    XL:     7   Next: 28%
Magic:  8/8        EV: 15    Int: 16    God:    Makhleb [*.....]
Gold:   260        SH:  0    Dex: 20    Spells: 6/6 levels left

rFire   . . .      SeeInvis .    t - +7 trident (venom)
rCold   . . .      Faith    .    (shield currently unavailable)
rNeg    . . .      Spirit   .    c - +0 leather armour
rPois   .          Reflect  .    A - +0 helmet
rElec   .          Harm     .    w - +0 cloak
rCorr   .          Rampage  .    (no gloves)
Will    .....                    j - +0 pair of boots
Stlth   ++++......               (no amulet)
HPRegen 0.26/turn                k - +6 ring of intelligence
MPRegen 0.11/turn                (no ring)

@: hasted, very quick
A: small, no large weapons, nightstalker 3
a: Renounce Religion


You were on level 4 of the Dungeon.
You worshipped Makhleb.
Makhleb was aware of your devotion.
You visited 1 branch of the dungeon, and saw 4 of its levels.

You collected 260 gold pieces.

Inventory:

Hand Weapons
 a - a +0 shortbow
 e - a +2 dagger of venom
 n - a +0 short sword
 t - a +7 trident of venom (weapon)
Missiles
 m - 8 poisoned darts
 B - 5 curare-tipped darts
Armour
 c - a +0 leather armour (worn)
 j - a +0 pair of boots (worn)
 w - a +0 cloak (worn)
 A - a +0 helmet (worn)
Jewellery
 k - a +6 ring of intelligence (left hand)
Wands
 l - a wand of polymorph (5)
 u - a wand of roots (7)
Scrolls
 b - 2 scrolls of immolation
 f - 3 scrolls of identify {unknown}
 h - a scroll of fog {unknown}
 i - a scroll of poison {unknown}
 o - 3 scrolls of fear {unknown}
 p - 2 scrolls of vulnerability {unknown}
 s - a scroll of teleportation {unknown}
 x - a scroll of magic mapping {unknown}
 y - a scroll of enchant armour {unknown}
Potions
 d - a potion of haste
 g - a potion of might {unknown}
 q - a potion of mutation {unknown}
 r - a potion of heal wounds {unknown}
 v - a potion of magic {unknown}
 z - a potion of flight {unknown}


   Skills:
 - Level 3.0 Fighting
 + Level 3.2 Short Blades
 * Level 7.8 Ranged Weapons
 - Level 3.0 Dodging
 + Level 4.9 Stealth
 + Level 2.6 Invocations


You had 6 spell levels left.
You didn't know any spells.
Your spell library contained the following spells:

 Spells                   Type           Power      Damage    Failure   Level
 Cigotuvi's Dreadful Rot  Necr/Pois/Air  0%         N/A       47%         2
 Summon Guardian Golem    Hex/Summ       0%         N/A       71%         3
 Dispel Undead            Necr           0%         3d6       98%         4
 Death Channel            Necr           0%         N/A       100%        6
 Orb of Destruction       Conj           0%         9d5       100%        7
 Spellforged Servitor     Conj/Summ      0%         N/A       100%        7


Dungeon Overview and Level Annotations

Branches:
Dungeon (4/15)
 Temple: D:4-7

Altars:
Dithmenos
Gozag
Makhleb
Okawaru
The Shining One

Annotations:
D:3 Grinder
D:4 Duvessa, Sigmund


Innate Abilities, Weirdness & Mutations

You are small and have problems with some larger weapons.
You are completely attuned to the shadows.


Message History

You see here a +0 dagger.
A ball python comes into view.
Found a stone staircase leading down.
The ball python hisses angrily.
Sigmund the Dreaded comes into view.
He is wielding a +0 vampiric scythe.
The ball python barely misses you. The ball python closely misses you.
You puncture the ball python!
You kill the ball python!
Makhleb accepts your kill.
Found a stone staircase leading down.
Dowan, Brother of Duvessa comes into view.
He is wielding a +0 dagger.
Found a stone staircase leading up.
Found a murky purple potion.
Duvessa, Sister of Dowan comes into view.
She is wielding a +0 short sword.
There is a stone staircase leading down here.
The helpless Dowan fails to defend himself.
You hit Dowan.
Dowan is moderately wounded.
Duvessa shouts!
Dowan hits you with a +0 dagger.
You puncture Dowan!
Dowan looks as sick as possible!
Dowan is severely wounded.
You kill Dowan!
Makhleb accepts your kill.
Duvessa screams, "No!
How DARE you!"
Duvessa goes berserk!
You hit Duvessa.
Duvessa is poisoned.
Duvessa is lightly wounded.
Duvessa hits you with a +0 short sword! Duvessa hits you with a +0 short sword.
It was a potion of haste.
You feel yourself speed up. Duvessa hits you with a +0 short sword!
* * * LOW HITPOINT WARNING * * *
Duvessa misses you.
You hit Duvessa.
Duvessa is moderately wounded.
Duvessa barely misses you.
You closely miss Duvessa.
Duvessa is moderately wounded.
Duvessa hits you with a +0 short sword!
You die...

####... ####... #!
###...... #.#
#####...##...
#.###..........##
#####.##..##..#######
.........###.## ##
...<.>...##..# #.
...e@....##.## #.
...).....#..# #.
##########.##########
#..........#
#########... ##.# ###
#. #.


You could see Duvessa (berserk, very poisoned).

Vanquished Creatures
  A water moccasin (D:4)
  A scorpion (D:4)
  Dowan (D:4)
  2 orc priests (D:3)
  Crazy Yiuf (D:3)
  Ijyb (D:3)
  Terence (D:3)
  Robin (D:4)
  3 adders
  3 worms
  6 orcs
  An endoplasm (D:1)
  A giant cockroach (D:4)
  8 goblins
  11 hobgoblins
  3 jackals (D:1)
  2 quokkas (D:2)
  4 ball pythons
  8 bats
  3 frilled lizards
  9 kobolds
  3 rats (D:1)
74 creatures vanquished.

Notes
Turn   | Place    | Note
-------+----------+-------------------------------------------
     0 | D:1      | Devinter the Kobold Hunter began the quest for the Orb.
     0 | D:1      | Reached XP level 1. HP: 12/12 MP: 1/1
   122 | D:1      | Reached XP level 2. HP: 18/18 MP: 2/2
   212 | D:1      | Reached skill level 2 in Stealth
   782 | D:2      | Reached XP level 3. HP: 22/22 MP: 3/3
   976 | D:2      | Reached skill level 3 in Dodging
   999 | D:2      | Reached XP level 4. HP: 27/27 MP: 4/4
  1042 | D:2      | Reached skill level 3 in Stealth
  1052 | D:2      | Reached skill level 3 in Fighting
  1231 | D:3      | Found a faded altar of an unknown god.
  1252 | D:3      | Reached skill level 6 in Ranged Weapons
  1278 | D:3      | Found a burning altar of Makhleb.
  1283 | D:3      | Became a worshipper of Makhleb the Destroyer
  1346 | D:3      | Noticed Terence
  1352 | D:3      | Killed Terence
  1459 | D:3      | Noticed Grinder
  1511 | D:3      | Noticed Ijyb
  1518 | D:3      | HP: 1/28 [constriction (5)]
  1520 | D:3      | Killed Ijyb
  1521 | D:3      | Reached skill level 1 in Short Blades
  1521 | D:3      | Reached XP level 5. HP: 10/32 MP: 5/5
  1689 | D:3      | Found a runed translucent door.
  1692 | D:3      | Noticed Crazy Yiuf
  1698 | D:3      | Killed Crazy Yiuf
  1699 | D:3      | Reached skill level 1 in Invocations
  1792 | D:3      | Reached skill level 2 in Short Blades
  1792 | D:3      | Reached skill level 4 in Stealth
  1792 | D:3      | Reached XP level 6. HP: 31/37 MP: 5/7
  2013 | D:4      | Noticed a water moccasin
  2016 | D:4      | Reached skill level 7 in Ranged Weapons
  2034 | D:4      | Killed a water moccasin
  2035 | D:4      | Reached skill level 2 in Invocations
  2152 | D:4      | Reached * piety under Makhleb
  2306 | D:4      | Noticed Robin
  2309 | D:4      | Killed Robin
  2405 | D:4      | Found a glowing golden altar of the Shining One.
  2405 | D:4      | Found a shadowy altar of Dithmenos.
  2407 | D:4      | Found an opulent altar of Gozag.
  2440 | D:4      | Found an iron altar of Okawaru.
  2468 | D:4      | Reached skill level 3 in Short Blades
  2468 | D:4      | Reached XP level 7. HP: 41/41 MP: 8/8
  2501 | D:4      | Noticed Sigmund
  2527 | D:4      | Noticed Dowan
  2529 | D:4      | Noticed Duvessa
  2532 | D:4      | Killed Dowan
  2536 | D:4      | Slain by Duvessa

Illustrated notes

Levels and vault maps discovered:
D:1:      spicycebolla_arrival_clurvy, layout_basic
D:2:      layout_rooms, kennysheep_cross_room
D:3:      layout_rooms, mainiacjoe_overflow_surrounded_room,
          ebering_ecumenical_altar_sacrificial, st_stairs_13,
          kennysheep_generic_room_8, uniq_terence, uniq_crazy_yiuf_cottage,
          uniq_ijyb, uniq_grinder
D:4:      layout_rooms, grunt_temple_overflow_cloverleaf,
          nicolae_zen_rock_garden, uniq_duvessa, uniq_sigmund, uniq_robin

Skill      XL: |  1  2  3  4  5  6 |
---------------+-------------------+-----
Stealth        | 2 3 4 |  4.9
Dodging        | 3 |  3.0
Fighting       | 3 |  3.0
Ranged Weapons | 6 7 |  7.8
Short Blades   | 1 2 3 |  3.2
Invocations    | 1 2 |  2.6

Action                   |  1- 3 |  4- 6 |  7- 9 || total
-------------------------+-------+-------+-------++-------
Melee: Trident           |       |    59 |     6 ||    65
 Fire: Shortbow          |    70 |    35 |       ||   105
  Use: Potion            |       |     6 |     1 ||     7
 Stab: Sleeping          |       |     5 |     1 ||     6
       Distracted        |       |     2 |       ||     2
Armor: Leather armour    |     6 |     7 |       ||    13
Dodge: Dodged            |    26 |    70 |     4 ||   100

Table legend: (Time is in decaauts)
 A = Elapsed time spent in this place.
 B = Non-inter-level travel time spent in this place.
 C = Inter-level travel time spent in this place.
 D = Time resting spent in this place.
 E = Time spent auto-exploring this place.
 F = Levels seen in this place.
 G = Mean time per level.
                   A        B        C        D        E       F      G
               +--------+--------+--------+--------+--------+-----+--------+
         Total |   2582 |   2522 |     60 |    243 |   1046 |   4 |  645.5 |
       Dungeon |   2582 |   2522 |     60 |    243 |   1046 |   4 |  645.5 |
               +--------+--------+--------+--------+--------+-----+--------+

Top non-repeatable levels by time:
     D:3: 882 daAuts
     D:1: 735 daAuts
     D:2: 501 daAuts
     D:4: 462 daAuts
